 Dungeon Crawl Stone Soup version 0.22-a0-430-g6609fc6 (webtiles) character file.

694 Veiltonx the Conjurer (level 7, -2/40 HPs)
             Began as a Deep Elf Conjurer on May 26, 2018.
             Slain by a gnoll
             ... wielding a +0 halberd
              (15 damage)
             ... on level 5 of the Dungeon.
             The game lasted 00:18:29 (5262 turns).

Veiltonx the Conjurer (Deep Elf Conjurer)           Turns: 5262, Time: 00:18:30

Health: -2/40      AC:  3    Str:  5    XL:     7   Next: 37%
Magic:  4/17       EV: 17    Int: 22    God:
Gold:   253        SH:  0    Dex: 15    Spells: 3/17 levels left

rFire    . . .     SeeInvis .   u - +4 hand axe
rCold    . . .     Gourm    .   (no shield)
rNeg     . . .     Faith    .   a - +0 robe
rPois    .         Spirit   .   s - +0 helmet (curse)
rElec    .         Reflect  .   (no cloak)
rCorr    .         Harm     .   (no gloves)
MR       .....                  (no boots)
Stlth    ++........             (no amulet)
HPRegen  0.13/turn              y - +4 ring of evasion
MPRegen  0.15/turn              (no ring)

@: no status effects
A: no striking features
a: no special abilities


You were on level 5 of the Dungeon.
You were not hungry.

You visited 1 branch of the dungeon, and saw 5 of its levels.
You also visited: Sewer.

You collected 253 gold pieces.

Inventory:

Hand Weapons
 q - a +0 whip
 u - a +4 hand axe (weapon)
Missiles
 e - 8 tomahawks of dispersal (quivered)
Armour
 a - a +0 robe (worn)
 h - a +2 buckler of protection
 s - a cursed +0 helmet (worn)
Magical Staves
 x - an uncursed staff of death
Jewellery
 y - a +4 ring of evasion (left hand)
Wands
 p - a wand of polymorph (11)
Scrolls
 b - a scroll of blinking {unknown}
 d - 4 scrolls of amnesia {unknown}
 i - 2 scrolls of remove curse {unknown}
 l - a scroll of enchant armour {unknown}
 m - a scroll of magic mapping {unknown}
 v - a scroll of teleportation {unknown}
 w - a scroll of noise {unknown}
 z - 2 scrolls of identify {unknown}
 A - a scroll of immolation {unknown}
Potions
 f - 2 potions of flight {unknown}
 g - a potion of ambrosia {unknown}
 j - a potion of mutation {unknown}
 k - 2 potions of degeneration {unknown}
 n - a potion of agility {unknown}
 o - 2 potions of heal wounds {unknown}
 r - a potion of lignification {unknown}
 t - 3 potions of curing {unknown}
 B - a potion of resistance {unknown}
Comestibles
 c - 9 rations


   Skills:
 + Level 2.6 Fighting
 - Level 3.0 Dodging
 - Level 3.0 Stealth
 + Level 2.6 Shields
 + Level 5.8 Spellcasting
 + Level 6.0 Conjurations
 + Level 3.1 Hexes


You had 3 spell levels left.
You knew the following spells:

 Your Spells              Type           Power        Failure   Level  Hunger
a - Magic Dart            Conj           ####         1%          1    None
b - Searing Ray           Conj           ####..       1%          2    None
c - Dazzling Spray        Conj/Hex       ####..       4%          3    ##.....
d - Iskenderun's Mystic   Conj           ####....     8%          4    ####...
e - Fulminant Prism       Conj/Hex       ####......   14%         4    ####...

Your spell library contained the following spells:

 Spells                   Type           Power        Failure   Level  Hunger
 Force Lance              Conj/Tloc      ###.....     26%         4    ####...


Dungeon Overview and Level Annotations

Branches:
Dungeon (5/15)
 Temple: D:4-7

Altars:
Ashenzari
Cheibriados
Okawaru
Trog
Xom
Yredelemnul


Message History

The gnoll is severely wounded.
You finish channeling your searing ray.
The gnoll barely misses you.
Casting: Searing Ray (safe; 1% risk of failure)
Confirm with . or Enter, or press ? or * to list all spells.
Aiming: Magic Dart (safe; 1% risk of failure)
Press: ? - help, Shift-Dir - straight line, f/p - gnoll
Aim: a gnoll, wielding a halberd (severely wounded)
The magic dart hits the gnoll.
The gnoll is almost dead.
The gnoll hits you from afar with a halberd!
There isn't anything here!
Casting: Magic Dart (safe; 1% risk of failure)
Confirm with . or Enter, or press ? or * to list all spells.
Aiming: Searing Ray (safe; 1% risk of failure)
Press: ? - help, Shift-Dir - straight line, f/p - gnoll
Aim: a gnoll, wielding a halberd (almost dead)
The searing ray misses the gnoll. (Press . to maintain the ray.)
The gnoll hits you from afar with a halberd!
You die...

≈≈≈≈≈≈.#
#..###.#
≈≈≈≈≈≈.#
##..##.#
≈≈≈≈≈..#
#..##.#
##.##.#
#..#.#
##.#.#
#...#
##..###
#.>@.#
##.#.#
#.#g#
#.#.#
#.#.#
#.#.#
#.#.# ..
.#


You could see a gnoll.

Vanquished Creatures
  An ogre (D:4)
  2 bullfrogs (Sewer)
  A scorpion (D:4)
  A water moccasin skeleton (D:5)
  A gnoll shaman (D:5)
  An orc priest (D:3)
  An orc wizard (D:4)
  4 worker ants
  A killer bee zombie (D:5)
  A worker ant zombie (D:4)
  4 gnolls (D:5)
  4 adders
  2 worms
  4 leopard geckos
  11 orcs
  6 giant cockroaches
  5 goblins
  A hobgoblin (D:1)
  9 jackals
  3 quokkas (D:4)
  2 ball pythons
  6 bats
  10 frilled lizards
  10 kobolds
  A leopard gecko skeleton (D:4)
  6 rats
98 creatures vanquished.

Notes
Turn   | Place    | Note
-------+----------+-------------------------------------------
     0 | D:1      | Veiltonx the Deep Elf Conjurer began the quest for the Orb.
     0 | D:1      | Reached XP level 1. HP: 10/10 MP: 6/6
    97 | D:1      | Reached XP level 2. HP: 15/15 MP: 1/8
   795 | D:2      | Learned a level 2 spell: Searing Ray
   922 | D:2      | Reached XP level 3. HP: 19/19 MP: 7/10
  1905 | D:3      | Found a glowing drain.
  2072 | Sewer    | Entered a sewer
  2601 | Sewer    | Noticed a bullfrog
  2607 | Sewer    | Killed a bullfrog
  2607 | Sewer    | Reached skill level 1 in Fighting
  2607 | Sewer    | Reached skill level 1 in Shields
  2607 | Sewer    | Reached skill level 5 in Conjurations
  2607 | Sewer    | Reached XP level 4. HP: 13/25 MP: 7/12
  2613 | Sewer    | Noticed a bullfrog
  2762 | Sewer    | Killed a bullfrog
  2762 | Sewer    | Reached XP level 5. HP: 22/29 MP: 8/13
  2810 | Sewer    | Learned a level 3 spell: Dazzling Spray
  2815 | Sewer    | Learned a level 4 spell: Iskenderun's Mystic Blast
  3481 | D:3      | Reached skill level 1 in Hexes
  3733 | D:3      | Reached XP level 6. HP: 28/35 MP: 11/15
  3929 | D:4      | Reached skill level 5 in Spellcasting
  4270 | D:4      | Found a shattered altar of Ashenzari.
  4544 | D:4      | Reached XP level 7. HP: 34/40 MP: 8/17
  4786 | D:4      | Found a snail-covered altar of Cheibriados.
  4787 | D:4      | Found a basalt altar of Yredelemnul.
  4788 | D:4      | Found a bloodstained altar of Trog.
  4790 | D:4      | Found an iron altar of Okawaru.
  4793 | D:4      | Found a shimmering altar of Xom.
  4851 | D:5      | Entered Level 5 of the Dungeon
  5214 | D:5      | Reached skill level 6 in Conjurations
  5242 | D:5      | Learned a level 4 spell: Fulminant Prism
  5262 | D:5      | Slain by a gnoll

Vault maps used:
D:1:      ncdulo_halloftheorcs
D:3:      cheibrodos_sewer_entry_drain, kennysheep_path_1
D:4:      grunt_temple_overflow_open, marbit_many_paths, first_ration
D:5:      temple_pool_b, uniq_eustachio
Sewer:    sewer_frog_island_01

Skill      XL: |  1  2  3  4  5  6  7 |
---------------+----------------------+-----
Stealth        | 3 |  3.0
Dodging        | 3 |  3.0
Fighting       | 1 2 |  2.6
Shields        | 1 2 |  2.6
Spellcasting   | 4 5 |  5.8
Conjurations   | 5 6 |  6.0
Hexes          | 1 2 3 |  3.1

Action                   |  1- 3 |  4- 6 |  7- 9 || total
-------------------------+-------+-------+-------++-------
Melee: Unarmed           |    12 |       |       ||    12
       Whip              |     8 |       |       ||     8
       Hand axe          |       |     7 |    10 ||    17
 Cast: Magic Dart        |    61 |    82 |    36 ||   179
       Searing Ray       |     4 |     6 |     4 ||    14
       Dazzling Spray    |       |     5 |       ||     5
       Iskenderun's Myst |       |     1 |       ||     1
  Eat: Chunk             |     2 |     6 |     2 ||    10
       Ration            |     1 |       |       ||     1
Armor: Robe              |     1 |     2 |     4 ||     7
Dodge: Dodged            |    15 |    11 |    20 ||    46

Table legend:
 A = Spawn XP
 B = Non-spawn XP
 C = Spawn XP percentage of total XP
 D = Spawn monster count
 E = Non-spawn monster count
 F = Spawn count percentage of total count
 G = Total turns spent on level
                    A         B        C        D         E        F      G
               +---------+---------+-------+---------+---------+-------+---------
         Total |       0 |     992 |   0.0 |       0 |      98 |   0.0 |  5262
               +---------+---------+-------+---------+---------+-------+---------
           D:1 |       0 |      25 |   0.0 |       0 |      16 |   0.0 |   766
           D:2 |       0 |      20 |   0.0 |       0 |       4 |   0.0 |  1132
           D:3 |       0 |     124 |   0.0 |       0 |      35 |   0.0 |  1056
           D:4 |       0 |     372 |   0.0 |       0 |      16 |   0.0 |   926
           D:5 |       0 |     228 |   0.0 |       0 |      11 |   0.0 |   411
         Sewer |       0 |     223 |   0.0 |       0 |      16 |   0.0 |   971
               +---------+---------+-------+---------+---------+-------+---------
